 Dungeon Sprint DCSS version 0.30-a0-996-ga6910c8ee8 (webtiles) character file.

Game seed: 13203678635157215954

236707 rocky1 the Formicid Porcupine (level 18, -1/182 HPs)
             Began as a Formicid Fighter on Apr 4, 2023.
             Was an Initiate of Gozag.
             Killed from afar by Antaeus (33 damage)
             ... with an icy flash freeze
             ... in the Dungeon (Sprint III: "The Ten Rune Challenge") on Apr 5, 2023.
             The game lasted 01:07:10 (14727 turns).

rocky1 the Formicid Porcupine (Formicid Fighter)   Turns: 14727, Time: 01:07:11

Health: -1/182     AC: 36    Str: 34    XL:     18   Next: 68%
Magic:  9/9        EV: 22    Int: 14    God:    Gozag
Gold:   4178       SH: 27    Dex: 19    Spells: 17/17 levels left

rFire   + . .      SeeInvis +    J - +5 Lochaber axe {reach-cleave, Poleaxe Drain}
rCold   + + +      Faith    .    h - +1 tower shield {reflect}
rNeg    + . .      Spirit   .    k - +3 plate armour {rC+}
rPois   +          Reflect  +    (helmet unavailable)
rElec   +          Rampage  .    p - +2 cloak of Dyspraxia {Contam rN+ Str+2 Slay+2}
rCorr   +                        Z - +3 pair of gloves "Kuriggodd" {rC+ Regen+}
Will    ++...                    s - +1 pair of boots {Fly} Stlth
                                 W - amulet of Hidiy {Regen+ Str+2}
HPRegen 2.10/turn                P - ring of Foolhardiness {rC+ Will+ rCorr Str+2 Stlth-}
MPRegen 0.11/turn                i - ring of Nilu Qap {MP-9 Int+5 Dex+6 Slay+4}

@: mighty, resistant, flying, studying 2 skills
A: permanent stasis, dig shafts and tunnels, antennae 3, four strong arms,
MP-powered wands
}: 4/10 runes: decaying, barnacled, silver, golden
a: Dig, Renounce Religion, Potion Petition, Call Merchant, Bribe Branch


You were in the Dungeon.
You worshipped Gozag.
Gozag was most pleased with you.
You visited 1 branch You collected 37831 gold pieces.
You spent 11608 gold pieces at shops.
You paid 22045 gold pieces to Gozag.

Inventory:

Hand Weapons
 c - the +5 glaive of the Guard {elec, spectral, AC+5}
   (You found it in the Dungeon)

   AC:        It affects your AC (+5).
 J - the +5 Lochaber axe (weapon) {reach-cleave, Poleaxe Drain}
   (You bought it in a shop in the Dungeon)

   Poleaxe:   It uses either Axes or Polearms skill, whichever is higher.
   Drain:     It drains your maximum health when unequipped.
 L - a +2 trishula of holy wrath
Missiles
 b - 6 curare-tipped darts (quivered)
 M - 21 silver javelins
Armour
 f - a +5 chain mail of fire resistance
 h - a +1 tower shield of reflection (worn)
 k - a +3 plate armour of cold resistance (worn)
 p - the +2 cloak of Dyspraxia (worn) {Contam rN+ Str+2 Slay+2}
   (You bought it in a shop in the Dungeon)

   Str:       It affects your strength (+2).
   Slay:      It affects your accuracy & damage with ranged weapons and melee
   (+2).
   rN:        It protects you from negative energy.
   Contam:    It causes magical contamination when unequipped.
 s - a +1 pair of boots of flying (worn)
 B - a +0 tower shield
 F - the +1 pair of boots of the Evil One {Will+ Regen+}
   (You acquired it in the Dungeon)

   Regen:     It increases your rate of health regeneration.
   Will:      It increases your willpower.
 K - a +2 plate armour of fire resistance
 N - the +4 dragonskin cloak
   (You took it off Tiamat in the Dungeon)

   Avatar's Aegis: It grants the wearer a chance to resist fire, cold, poison,
   electricity, acid, and negative energy.
 Z - the +3 pair of gloves "Kuriggodd" (worn) {rC+ Regen+}
   (You found it in the Dungeon)

   rC:        It protects you from cold.
   Regen:     It increases your rate of health regeneration.
Jewellery
 a - the ring "Dygh" {EV+5 Str+5}
   (You acquired it in the Dungeon)

   [ring of evasion]

   EV:        It affects your evasion (+5).
   Str:       It affects your strength (+5).
 i - the ring of Nilu Qap (right hand) {MP-9 Int+5 Dex+6 Slay+4}
   (You found it in the Dungeon)

   [ring of slaying]

   Int:       It affects your intelligence (+5).
   Dex:       It affects your dexterity (+6).
   Slay:      It affects your accuracy & damage with ranged weapons and melee
   (+4).
   MP:        It affects your magic capacity (-9).
 r - a ring of resist corrosion
 v - a ring of protection from fire
 C - a ring of flight
 P - the ring of Foolhardiness (left hand) {rC+ Will+ rCorr Str+2 Stlth-}
   (You bought it in a shop in the Dungeon)

   [ring of willpower]

   Str:       It affects your strength (+2).
   rC:        It protects you from cold.
   rCorr:     It protects you from acid and corrosion.
   Will:      It increases your willpower.
   Stlth:     It makes you less stealthy.
 W - the amulet of Hidiy (around neck) {Regen+ Str+2}
   (You found it in the Dungeon)

   [amulet of regeneration]

   Str:       It affects your strength (+2).
   Regen:     It increases your rate of health regeneration.
Wands
 o - a wand of paralysis (3)
 z - a wand of mindburst (13)
 A - a wand of digging (3)
 I - a wand of light (13)
 R - a wand of roots (13)
Scrolls
 j - 4 scrolls of poison
 q - a scroll of enchant armour
 y - 3 scrolls of silence
 G - 2 scrolls of fog
 H - 3 scrolls of enchant weapon
 O - a scroll of butterflies
 Q - 4 scrolls of amnesia
Potions
 e - 20 potions of curing
 g - 4 potions of magic
 l - 5 potions of flight
 n - 9 potions of mutation
 t - 3 potions of might
 u - 4 potions of cancellation
 w - 3 potions of resistance
 x - 3 potions of heal wounds
 E - a potion of invisibility
Miscellaneous
 d - a condenser vane
 m - a lightning rod (4/4)
 D - a tin of tremorstones (2/2)


   Skills:
 O Level 27 Fighting
 O Level 27 Polearms
 + Level 10.8 Throwing
 + Level 24.3 Armour
 + Level 22.3 Dodging
 O Level 27 Shields
 + Level 25.8 Evocations


You had 17 spell levels left.
You didn't know any spells.
Your spell library contained the following spells:

 Spells                   Type           Power      Damage    Failure   Level
 Kiss of Death            Conj/Necr      0%         2d5       63%         1
 Slow                     Hex            0%         N/A       63%         1
 Static Discharge         Conj/Air       0%         2-2/arc   77%         2
 Confusing Touch          Hex            0%         N/A       94%         3
 Frozen Ramparts          Ice            0%         1d1       94%         3
 Gell's Gravitas          Tloc           0%         N/A       94%         3
 Ignite Poison            Fire/Tmut/Pois 0%         N/A       94%         3
 Kindle Blastsparks       Fire/Tloc/Air  0%         2d10      94%         3
 Portal Projectile        Hex/Tloc       0%         N/A       94%         3
 Vampiric Draining        Necr           0%         2d6       94%         3
 Dispel Undead            Necr           0%         3d6       100%        4
 Ice Form                 Ice/Tmut       0%         N/A       100%        4
 Leda's Liquefaction      Hex/Erth       0%         N/A       100%        4
 Summon Ice Beast         Ice/Summ       0%         N/A       100%        4
 Alistair's Intoxication  Tmut/Pois      0%         N/A       100%        5
 Borgnjor's Vile Clutch   Necr/Erth      0%         N/A       100%        5
 Freezing Cloud           Conj/Ice/Air   0%         6-21      100%        5
 Lee's Rapid Deconstruct  Erth           0%         3d4*      100%        5
 Summon Forest            Summ/Tloc      0%         N/A       100%        5
 Death Channel            Necr           0%         N/A       100%        6
 Statue Form              Tmut/Erth      0%         N/A       100%        6
 Summon Cactus Giant      Summ           0%         N/A       100%        6
 Monstrous Menagerie      Summ           0%         N/A       100%        7
 Animate Dead             Necr           Unusable   N/A       N/A         4

Dungeon Overview and Level Annotations

Branches:
Dungeon (1/1)

Altars:
Cheibriados
Dithmenos
Elyvilon
Fedhas
Gozag
Hepliaklqana
Kikubaaqudgha
Makhleb
Nemelex Xobeh
Okawaru
Qazlal
Ru
Sif Muna
Trog
Uskayaw
Vehumet
Wu Jian
Xom
Yredelemnul
Zin
The Shining One
Jiyva
Lugonu

Shops:
D ([?[:[[=[[!!((!:![!![![([!!=:?:(![!*

Annotations:
D Antaeus


Innate Abilities, Weirdness & Mutations

You cannot be hasted, slowed, berserked, paralysed or teleported.
You can dig through walls and to a lower floor.
You have a pair of large antennae on your head. (SInv)
Your four strong arms can wield two-handed weapons with a shield.
You expend magic power (3 MP) to strengthen your wands.


Message History

Antaeus blocks your attack.
Antaeus is heavily wounded.
You block Antaeus's attack. Antaeus hits you but does no damage.
Antaeus blocks your attack.
Antaeus is heavily wounded.
You block Antaeus's attack. x2
Antaeus blocks your attack.
Antaeus is heavily wounded.
Antaeus blocks your attack.
Antaeus is heavily wounded.
Antaeus misses you. Antaeus hits you!
* * * LOW HITPOINT WARNING * * *
Antaeus freezes you! You resist.
* * * LOW HITPOINT WARNING * * *
Antaeus blocks your attack.
Antaeus is heavily wounded.
Antaeus gestures at you.
The bolt of lightning misses you. x2; The bolt of lightning hits Antaeus.
Antaeus completely resists.
Antaeus blocks your attack.
Antaeus squeals, "Thy gizzard shall be my repast!"
Antaeus is heavily wounded.
You open Antaeus like a pillowcase!!!
Antaeus is heavily wounded.
Antaeus gestures at you. The icy flash freeze hits you! You partially resist.
* * * LOW HITPOINT WARNING * * *
You are encased in ice.
Antaeus blocks your attack.
Antaeus is heavily wounded.
Antaeus hits you but does no damage. You block Antaeus's attack.
You open Antaeus like a pillowcase!!!
Antaeus is severely wounded.
Antaeus blocks your attack.
Antaeus is severely wounded.
The ice encasing you melts away. Antaeus gestures at you.
The icy flash freeze hits you!! You partially resist.
You die...
Your body crumbles into a pile of gold.

.........)(........'.∩.'..∩....).
.........))........#...###...###.
...................#...# ##.##∩#.
############'##############.#..#.
*,,,* ###≈≈≈≈≈≈≈≈≈##......#'#'##.
+,,,* #(#≈#'#≈≈#####......#.'..'.
*{{,*##'#≈#!#≈≈#φ# #.....[#.####.
**+**#≈≈≈≈###≈≈#C###.....['.#.###
,,{* #≈≈≈≈≈≈≈≈≈≈@≈##.....)###.#☼.
*****#≈≈≈≈###≈≈≈≈≈##.###..#...#.○
,{{{*####≈'[#≈≈#####,#^#..'...☼°.
,,{{* #['≈###≈≈')# *,###..#...#§§
,{{{* ###≈≈≈≈≈≈### *,.....###'#.°
***** ######## *#######...###
▓▓▓▓▓


You could see Antaeus (reflecting).

Vanquished Creatures
  Tiamat (D)
  An ancient lich (D)
  Mennas (D)
  Mara (D)
  2 royal mummies (D)
  Sojobo (D)
  Boris (D)
  A Killer Klown (D)
  Xtahua (D)
  Geryon (D)
  Nikola (D)
  An electric golem (D)
  Rupert (D)
  5 Ice Fiends (D)
  2 Orb Guardians (D)
  2 liches (D)
  A deep elf blademaster (D)
  A deep elf master archer (D)
  2 titans (D)
  An Executioner (D)
  Polyphemus (D)
  2 shadow dragons (D)
  Gastronok (D)
  2 sphinxes (D)
  An ancient champion (D)
  Chuck (D)
  Ilsuiw (D)
  Dowan (D)
  Roxanne (D)
  A storm dragon (D)
  4 azure jellies (D)
  A draconian knight (D)
  2 fire giants (D)
  3 frost giants (D)
  3 draconian stormcallers (D)
  2 draconian scorchers (D)
  4 stone giants (D)
  Nessos (D)
  2 vampire knights (D)
  3 deep elf annihilators (D)
  A deep elf demonologist (D)
  2 dire elephants (D)
  A yellow draconian (D)
  Azrael (D)
  A bunyip (shapeshifter) (D)
  An iron golem (D)
  A deep elf death mage (D)
  6 mummy priests (D)
  4 fire dragons (D)
  A merfolk javelineer (D)
  5 yaktaur captains (D)
  A deep elf high priest (D)
  16 vault guards (D)
  3 hydras (D)
  2 hell beasts (D)
  An anaconda (shapeshifter) (D)
  An ogre mage (D)
  3 centaur warriors (D)
  Erica (D)
  4 death yaks (D)
  4 dancing weapons (D)
  A shock serpent (shapeshifter) (D)
  Urug (D)
  4 hell knights (D)
  2 soul eaters (D)
  2 sun demons (D)
  3 deep elf knights (D)
  5 skeletal warriors (D)
  An anaconda zombie (D)
  A death drake (D)
  A sea snake (D)
  A shadow wraith (D)
  A glowing orange brain (D)
  A spriggan druid (D)
  A deep troll (shapeshifter) (D)
  An orange crystal statue (D)
  3 kraken simulacra (D)
  An orc knight (D)
  A lindwurm (D)
  An obsidian statue (D)
  An orc sorcerer (D)
  2 oklob plants (D)
  4 deep elf pyromancers (D)
  A deep elf zephyrmancer (D)
  A lindwurm (shapeshifter) (D)
  A mana viper (shapeshifter) (D)
  A shining eye (D)
  3 ugly things (D)
  4 crystal guardians (D)
  A faun (shapeshifter) (D)
  2 elephants (D)
  A moth of wrath (D)
  2 black mambas (D)
  2 stone giant skeletons (D)
  8 statues (D)
  An iron troll simulacrum (D)
  A molten gargoyle (D)
  Duvessa (D)
  2 cane toads (D)
  2 unseen horrors (D)
  A komodo dragon (D)
  12 yaktaurs (D)
  A rime drake (D)
  2 anaconda simulacra (D)
  20 guardian mummies (D)
  2 ice devils (D)
  2 tyrant leeches (D)
  4 spriggan defenders (D)
  3 wandering mushrooms (D)
  A queen bee (D)
  3 hornets (D)
  2 orc high priests (D)
  8 blink frogs (D)
  3 dream sheep (D)
  9 slime creatures (D)
  2 spriggans (D)
  A shadow (D)
  A golden eye (D)
  3 redbacks (D)
  A spatial vortex (D)
  2 hell hounds (D)
  2 hydra simulacra (D)
  A floating eye (D)
  2 orc warriors (D)
  A swamp drake (D)
  2 centaurs (D)
  An earth elemental (D)
  A scorpion (D)
  A necrophage (D)
  A water elemental (D)
  32 killer bees (D)
  An electric eel (D)
  A jelly (D)
  5 orc priests (D)
  A wizard (D)
  2 necromancers (D)
  2 orc wizards (D)
  3 polar bear simulacra (D)
  A wolf simulacrum (D)
  A kobold demonologist (D)
  3 humans (D)
  10 orcs (D)
  4 rats (D)
  A ballistomycete spore (D)
  8 bushes (D)
  11 butterflies (D)
  5 plants (D)
384 creatures vanquished.

Vanquished Creatures (others)
  A shadow dragon (D)
  A draconian stormcaller (D)
  A deep elf knight (D)
  2 electric eels (D)
  4 ball lightnings (D)
  3 ballistomycete spores (D)
  46 plants (D)
  3 tentacles (D)
61 creatures vanquished.

Grand Total: 445 creatures vanquished

Notes
Turn   | Place    | Note
-------+----------+-------------------------------------------
     0 | D        | rocky1 the Formicid Fighter began the quest for the Orb.
     0 | D        | Reached XP level 1. HP: 18/18 MP: 1/1
    66 | D        | Reached skill level 5 in Shields
    66 | D        | Reached XP level 2. HP: 11/26 MP: 2/2
    66 | D        | Reached XP level 3. HP: 14/31 MP: 3/3
   134 | D        | Noticed a scorpion
   145 | D        | Killed a scorpion
   146 | D        | Reached skill level 5 in Fighting
   146 | D        | Reached XP level 4. HP: 5/39 MP: 4/4
   298 | D        | Gained mutation: Your flesh is cold resistant. (rC+)
                  | [potion of mutation]
   307 | D        | Noticed a water elemental
   311 | D        | Killed a water elemental
   312 | D        | Reached XP level 5. HP: 22/47 MP: 5/5
   329 | D        | Noticed a shadow
   332 | D        | Killed a shadow
   333 | D        | Reached XP level 6. HP: 22/56 MP: 6/6
   337 | D        | Found a blossoming altar of Fedhas.
   337 | D        | Found a stormy altar of Qazlal.
   338 | D        | Found a snail-covered altar of Cheibriados.
   338 | D        | Found a burning altar of Makhleb.
   338 | D        | Found a hazy altar of Hepliaklqana.
   338 | D        | Found a shimmering altar of Xom.
   338 | D        | Found an opulent altar of Gozag.
   338 | D        | Found a sparkling altar of Nemelex Xobeh.
   338 | D        | Found a corrupted altar of Lugonu.
   338 | D        | Found a viscous altar of Jiyva.
   338 | D        | Noticed a spatial vortex
   344 | D        | Became a worshipper of Gozag Ym Sagoz the Greedy
   355 | D        | Killed a spatial vortex
   356 | D        | Reached skill level 10 in Polearms
   356 | D        | Reached skill level 10 in Shields
   356 | D        | Reached XP level 7. HP: 32/63 MP: 7/7
   563 | D        | Found a basalt altar of Yredelemnul.
   563 | D        | Found a shadowy altar of Dithmenos.
   563 | D        | Found a sacrificial altar of Ru.
   695 | D        | Found a radiant altar of Vehumet.
   695 | D        | Found a shimmering blue altar of Sif Muna.
   695 | D        | Found an ancient bone altar of Kikubaaqudgha.
   821 | D        | Found a hide-covered altar of Uskayaw.
   821 | D        | Found an iron altar of Okawaru.
   821 | D        | Found a bloodstained altar of Trog.
   821 | D        | Found an ornate altar of the Wu Jian Council.
   821 | D        | Noticed a human
   822 | D        | Noticed a human
   829 | D        | Killed a human
   830 | D        | Reached skill level 5 in Evocations
   830 | D        | Reached XP level 8. HP: 46/71 MP: 8/8
   833 | D        | Killed a human
  1152 | D        | Found a glowing silver altar of Zin.
  1152 | D        | Found a glowing golden altar of the Shining One.
  1152 | D        | Found a white marble altar of Elyvilon.
  1153 | D        | Noticed a deep elf pyromancer
  1161 | D        | Killed a deep elf pyromancer
  1236 | D        | Noticed Erica
  1251 | D        | Killed Erica
  1252 | D        | Reached skill level 10 in Fighting
  1252 | D        | Reached XP level 9. HP: 61/79 MP: 9/9
  1479 | D        | Noticed an orc sorcerer
  1496 | D        | Reached skill level 10 in Evocations
  1524 | D        | Found Ibbaptus's Antique Weapon Emporium.
  1538 | D        | Killed an orc sorcerer
  1646 | D        | Bought a +1 glaive of protection for 162 gold pieces
  1678 | D        | Noticed a centaur warrior
  1690 | D        | Reached XP level 10. HP: 53/88 MP: 10/10
  1694 | D        | Killed a centaur warrior
  1695 | D        | Reached skill level 1 in Dodging
  1921 | D        | Noticed an unseen horror
  1921 | D        | Noticed an unseen horror
  1924 | D        | Killed an unseen horror
  1941 | D        | Killed an unseen horror
  2011 | D        | Reached skill level 5 in Armour
  2014 | D        | Reached skill level 15 in Polearms
  2056 | D        | Reached XP level 11. HP: 71/98 MP: 11/11
  2163 | D        | Bought a +0 pair of boots of rampaging for 149 gold pieces
  2163 | D        | Bought a +3 chain mail of fire resistance for 344 gold
                  | pieces
  2163 | D        | Bought a +3 scale mail of poison resistance for 299 gold
                  | pieces
  2163 | D        | Bought a +1 pair of gloves of infusion for 214 gold pieces
  2163 | D        | Bought a +1 pair of boots of flying for 214 gold pieces
  2303 | D        | Reached skill level 5 in Dodging
  2303 | D        | Reached skill level 15 in Shields
  2702 | D        | Noticed a lindwurm
  2711 | D        | Killed a lindwurm
  3009 | D        | Noticed Urug
  3015 | D        | Killed Urug
  3098 | D        | Reached skill level 15 in Fighting
  3302 | D        | Bought a brightly glowing chain mail for 237 gold pieces
  3302 | D        | Identified the +3 chain mail of Purpose {Contam +Inv rElec}
                  | (You bought it in a shop in the Dungeon)
  3332 | D        | Noticed Dowan
  3332 | D        | Noticed Duvessa
  3354 | D        | Killed Dowan
  3355 | D        | Reached XP level 12. HP: 92/110 MP: 0/12
  3359 | D        | Killed Duvessa
  3794 | D        | Found Xukyduig's Jewellery Emporium.
  3794 | D        | Found Quplemo's Magic Scroll Shop.
  3794 | D        | Found Teec's Armour Shoppe.
  3794 | D        | Found Wanug's Distillery.
  3794 | D        | Found Debed's Book Emporium.
  3794 | D        | Found Toimnixt's Distillery.
  3794 | D        | Found Husekeick's Antique Weapon Emporium.
  3794 | D        | Found Gihef's Book Boutique.
  3795 | D        | Found Biut's Distillery.
  3795 | D        | Found Rockarosk's Antique Armour Shop.
  3795 | D        | Found Ubayp's Antique Weapon Emporium.
  3833 | D        | Bought an ichor-stained cloak for 190 gold pieces
  3833 | D        | Identified the +2 cloak of Dyspraxia {Contam rN+ Str+2
                  | Slay+2} (You bought it in a shop in the Dungeon)
  3840 | D        | Bought a potion of magic for 104 gold pieces
  3840 | D        | Bought a potion of curing for 39 gold pieces
  3840 | D        | Bought a potion of might for 52 gold pieces
  3840 | D        | Bought a potion of cancellation for 104 gold pieces
  3840 | D        | Bought 3 potions of curing for 117 gold pieces
  3841 | D        | Bought an amulet of reflection for 390 gold pieces
  3842 | D        | Bought 2 potions of curing for 84 gold pieces
  3842 | D        | Bought 2 potions of might for 112 gold pieces
  3842 | D        | Bought a potion of resistance for 140 gold pieces
  3844 | D        | Bought a scroll of identify for 24 gold pieces
  3844 | D        | Bought a scroll of enchant armour for 90 gold pieces
  3844 | D        | Bought a scroll of silence for 114 gold pieces
  3844 | D        | Bought a scroll of enchant weapon for 90 gold pieces
  3845 | D        | Bought a +0 pair of boots for 58 gold pieces
  3852 | D        | Bought a potion of resistance for 100 gold pieces
  3852 | D        | Bought a potion of heal wounds for 50 gold pieces
  3852 | D        | Bought a potion of mutation for 80 gold pieces
  3852 | D        | Bought a potion of cancellation for 80 gold pieces
  3852 | D        | Bought a potion of curing for 30 gold pieces
  3914 | D        | Noticed a yaktaur captain
  3914 | D        | Noticed a yaktaur captain
  4159 | D        | Noticed a seven-headed hydra
  4159 | D        | Noticed a four-headed hydra
  4172 | D        | Killed a 15-headed hydra
  4184 | D        | Killed a 14-headed hydra
  4317 | D        | Noticed a death drake
  4328 | D        | Killed a death drake
  4330 | D        | HP: 3/111 [poison (dark miasma)]
  4591 | D        | Found a blossoming altar of Fedhas.
  4591 | D        | Noticed a spriggan druid
  4599 | D        | Killed a spriggan druid
  4632 | D        | Noticed Polyphemus
  4656 | D        | Killed Polyphemus
  4661 | D        | Reached skill level 10 in Armour
  4770 | D        | Noticed a sea snake
  4780 | D        | Killed a sea snake
  4782 | D        | Noticed Ilsuiw
  4783 | D        | Found Beithem's Book Emporium.
  4785 | D        | Found Fesiebuep's Distillery.
  4806 | D        | Killed Ilsuiw
  4807 | D        | Found Janoeh's Antique Armour Shoppe.
  4808 | D        | Noticed a merfolk javelineer
  4844 | D        | Killed a merfolk javelineer
  5093 | D        | Got a barnacled rune of Zot
  5106 | D        | Bought a tower shield for 103 gold pieces
  5106 | D        | Bought a glowing plate armour for 598 gold pieces
  5117 | D        | Bought a potion of mutation for 80 gold pieces
  5117 | D        | Bought a potion of invisibility for 80 gold pieces
  5117 | D        | Bought a potion of curing for 30 gold pieces
  5117 | D        | Bought a potion of curing for 30 gold pieces
  5117 | D        | Bought a potion of mutation for 80 gold pieces
  5191 | D        | Noticed a dire elephant
  5192 | D        | Noticed a dire elephant
  5192 | D        | Noticed Gastronok
  5202 | D        | Reached XP level 13. HP: 114/121 MP: 5/13
  5202 | D        | Killed a dire elephant
  5210 | D        | Killed Gastronok
  5211 | D        | Killed a dire elephant
  5316 | D        | Noticed an azure jelly
  5316 | D        | Noticed an azure jelly
  5316 | D        | Noticed an azure jelly
  5317 | D        | Noticed an azure jelly
  5320 | D        | Noticed Rupert
  5334 | D        | Killed Rupert
  5706 | D        | Noticed a fire dragon
  5717 | D        | Killed a fire dragon
  5895 | D        | Noticed a fire dragon
  5898 | D        | Noticed a fire dragon
  5920 | D        | Killed a fire dragon
  5932 | D        | Killed a fire dragon
  5933 | D        | Reached skill level 10 in Dodging
  6095 | D        | Found Tiomarao's Magic Scroll Shoppe.
  6095 | D        | Found Xuucuise's Antique Armour Boutique.
  6095 | D        | Found Lilahon's Book Emporium.
  6105 | D        | Bought a scroll of identify for 28 gold pieces
  6105 | D        | Bought a scroll of magic mapping for 105 gold pieces
  6105 | D        | Bought a scroll of fog for 56 gold pieces
  6105 | D        | Bought a scroll of fog for 56 gold pieces
  6106 | D        | Bought a pair of glowing gloves for 217 gold pieces
  6191 | D        | Noticed a four-headed hydra
  6191 | D        | Noticed Xtahua
  6197 | D        | Killed an eight-headed hydra
  6209 | D        | Killed Xtahua
  6314 | D        | Got a decaying rune of Zot
  6459 | D        | Bought a glowing halberd for 231 gold pieces
  6459 | D        | Bought the +5 Lochaber axe {reach-cleave, Poleaxe Drain}
                  | for 1168 gold pieces
  6459 | D        | Found the +5 Lochaber axe {reach-cleave, Poleaxe Drain}
  6459 | D        | Bought a glowing lajatang for 594 gold pieces
  6501 | D        | Killed an azure jelly
  6501 | D        | Killed an azure jelly
  6502 | D        | Reached XP level 14. HP: 129/134 MP: 1/14
  6502 | D        | Killed an azure jelly
  6510 | D        | Killed an azure jelly
  6821 | D        | Noticed Azrael
  6825 | D        | Killed Azrael
  6888 | D        | Acquired 777 gold pieces
  6891 | D        | Acquired 796 gold pieces
  6893 | D        | Acquired the +1 pair of boots of the Evil One {Will+
                  | Regen+}
  7190 | D        | an anaconda changed into a broodmother
  7190 | D        | Noticed a broodmother (glowing shapeshifter)
  7192 | D        | a broodmother changed into an anaconda
  7359 | D        | Found the +5 glaive of the Guard {elec, spectral, AC+5}
  7580 | D        | Noticed Chuck
  7594 | D        | Killed Chuck
  7595 | D        | an alligator changed into a bunyip
  7595 | D        | Noticed a bunyip (glowing shapeshifter)
  7600 | D        | Killed a bunyip
  8047 | D        | Bought a scroll of enchant armour for 127 gold pieces
  8052 | D        | Bought a potion of curing for 45 gold pieces
  8052 | D        | Bought 2 potions of might for 120 gold pieces
  8052 | D        | Bought a potion of resistance for 150 gold pieces
  8052 | D        | Bought a potion of cancellation for 120 gold pieces
  8083 | D        | Reached XP level 15. HP: 143/143 MP: 1/15
  8193 | D        | Noticed Boris
  8202 | D        | Killed Boris
  8447 | D        | Found Veoreg Exu's Distillery.
  8447 | D        | Found Ijailolo's Armour Shop.
  8447 | D        | Found Alygim's Distillery.
  8447 | D        | Found Huxeeg's Distillery.
  8465 | D        | Bought a potion of cancellation for 96 gold pieces
  8465 | D        | Bought a potion of curing for 36 gold pieces
  8465 | D        | Bought a potion of curing for 36 gold pieces
  8467 | D        | Bought a potion of curing for 30 gold pieces
  8467 | D        | Bought a potion of mutation for 80 gold pieces
  8467 | D        | Bought a potion of heal wounds for 50 gold pieces
  8467 | D        | Bought a potion of curing for 30 gold pieces
  8467 | D        | Bought a potion of curing for 30 gold pieces
  8529 | D        | Noticed Roxanne
  8537 | D        | Killed Roxanne
  8551 | D        | Found Puczita's Distillery.
  8603 | D        | Bought a potion of mutation for 112 gold pieces
  8603 | D        | Bought a potion of heal wounds for 70 gold pieces
  8603 | D        | Bought a potion of mutation for 112 gold pieces
  8611 | D        | Noticed a black draconian knight
  8623 | D        | Killed a black draconian knight
  8806 | D        | Noticed an Executioner
  8809 | D        | Killed an Executioner
  8981 | D        | Noticed a stone giant
  8981 | D        | Noticed a stone giant
  8984 | D        | Noticed Geryon
  8990 | D        | Killed a stone giant
  8992 | D        | Killed a stone giant
  9008 | D        | Killed Geryon
  9009 | D        | Reached skill level 27 in Polearms
  9373 | D        | Noticed Nikola
  9373 | D        | Noticed a storm dragon
  9385 | D        | Killed a storm dragon
  9477 | D        | Killed Nikola
  9478 | D        | Reached XP level 16. HP: 17/153 MP: 7/16
  9723 | D        | Noticed Mara
  9733 | D        | Killed Mara
  9734 | D        | Reached skill level 27 in Shields
  9811 | D        | Noticed an ancient champion
  9815 | D        | Killed an ancient champion
 10035 | D        | Noticed Mennas
 10101 | D        | Killed Mennas
 10730 | D        | Bought a potion of heal wounds for 70 gold pieces
 10733 | D        | Bought a turquoise-encrusted ring mail for 324 gold pieces
 10733 | D        | Identified the +2 ring mail of the Minstrel {Str+3 SInv}
                  | (You bought it in a shop in the Dungeon)
 10733 | D        | Bought a glimmering ring mail for 324 gold pieces
 10733 | D        | Identified the +3 ring mail "Nuroiq" {Str+4} (You bought it
                  | in a shop in the Dungeon)
 10744 | D        | Bought a pair of embroidered gloves for 157 gold pieces
 10744 | D        | Bought a glowing plate armour for 546 gold pieces
 10744 | D        | Bought a shiny plate armour for 546 gold pieces
 10744 | D        | Bought a distressingly furry chain mail for 199 gold pieces
 10744 | D        | Identified the +0 chain mail of the Cursing Gods {rC++
                  | Dex+2} (You bought it in a shop in the Dungeon)
 11233 | D        | Noticed a deep elf master archer
 11238 | D        | Identified the +10 battleaxe "Foshy" {freeze, Contam Str+2
                  | Dex+4}
 11238 | D        | Identified the +0 plate armour of Tulips {rPois}
 11238 | D        | Identified the ring of Lecolot {Fire rElec Str+3 Dex+4
                  | Slay-3}
 11239 | D        | Killed a deep elf master archer
 11241 | D        | Reached skill level 27 in Fighting
 11387 | D        | Identified the +2 helmet of Igithreo {Rampage Will++ MP+9
                  | Str+2}
 11389 | D        | Identified the +6 mace of Terror {freeze, rF+}
 11390 | D        | Got the Compendium of the Equator
 11391 | D        | Identified the amulet of Hidiy {Regen+ Str+2}
 11393 | D        | Identified the +3 pair of gloves "Kuriggodd" {rC+ Regen+}
 11394 | D        | Identified the ring of Gup Bar {Fire *Slow Int+4}
 11394 | D        | Identified the ring "Hekhixus" {rN++ Int-3 Dex+6}
 11575 | D        | Noticed Nessos
 11582 | D        | Killed Nessos
 11706 | D        | Gained mutation: Your spells are a little easier to cast,
                  | but a little less powerful. [a shining eye]
 11708 | D        | Gained mutation: You occasionally lose the ability to read
                  | scrolls when taking damage. [a shining eye]
 11824 | D        | Lost mutation: Your flesh is cold resistant. (rC+) [potion
                  | of mutation]
 11824 | D        | Lost mutation: You occasionally lose the ability to read
                  | scrolls when taking damage. [potion of mutation]
 11824 | D        | Lost mutation: Your spells are a little easier to cast, but
                  | a little less powerful. [potion of mutation]
 11824 | D        | Gained mutation: You are covered in fur. (AC +1) [potion of
                  | mutation]
 11824 | D        | Gained mutation: You are dopey. (Int -2) [potion of
                  | mutation]
 11825 | D        | Lost mutation: You are dopey. (Int -2) [potion of mutation]
 11825 | D        | Lost mutation: You are covered in fur. (AC +1) [potion of
                  | mutation]
 11825 | D        | Gained mutation: You expend magic power (3 MP) to
                  | strengthen your wands. [potion of mutation]
 11832 | D        | Noticed a deep elf blademaster
 11840 | D        | Killed a deep elf blademaster
 12131 | D        | Reached skill level 15 in Armour
 12131 | D        | Reached skill level 15 in Evocations
 12170 | D        | Noticed a lich
 12179 | D        | Killed a lich
 12315 | D        | Noticed a sphinx
 12315 | D        | Noticed a sphinx
 12324 | D        | Killed a sphinx
 12325 | D        | Reached skill level 15 in Dodging
 12327 | D        | Killed a sphinx
 12328 | D        | Reached XP level 17. HP: 168/174 MP: 17/17
 12552 | D        | Noticed a royal mummy
 12552 | D        | Noticed a royal mummy
 12573 | D        | Killed a royal mummy
 12586 | D        | Killed a royal mummy
 12803 | D        | Got a golden rune of Zot
 12815 | D        | Identified the ring of Nilu Qap {MP-9 Int+5 Dex+6 Slay+4}
 12837 | D        | Acquired 628 gold pieces
 12838 | D        | Acquired a manual of Stealth
 12839 | D        | Acquired a manual of Evocations
 12840 | D        | Acquired the ring "Dygh" {EV+5 Str+5}
 12841 | D        | Acquired 848 gold pieces
 12953 | D        | Noticed Sojobo
 12961 | D        | Killed Sojobo
 13195 | D        | Noticed a lich
 13201 | D        | Killed a lich
 13220 | D        | Noticed a shadow dragon
 13221 | D        | Noticed a shadow dragon
 13236 | D        | Killed a shadow dragon
 13238 | D        | Killed a shadow dragon
 13289 | D        | Noticed a titan
 13289 | D        | Noticed a shadow dragon
 13290 | D        | Noticed a titan
 13302 | D        | Killed a shadow dragon
 13308 | D        | Killed a titan
 13327 | D        | Reached XP level 18. HP: 166/182 MP: 9/18
 13330 | D        | Killed a titan
 13474 | D        | Got a silver rune of Zot
 13493 | D        | Identified the +1 troll leather armour of Serendipity
                  | {*Corrode Will+ Regen+ Stlth+}
 13494 | D        | Identified the +11 spear of Vifedgh {flame, rPois Str-5
                  | SInv}
 13497 | D        | Identified the +8 long sword "Pisaute" {chaos, MP+9}
 13567 | D        | Acquired 1354 gold pieces
 13753 | D        | Noticed a Killer Klown
 13762 | D        | Killed a Killer Klown
 13775 | D        | Noticed an Orb Guardian
 13775 | D        | Noticed an Orb Guardian
 13785 | D        | Killed an Orb Guardian
 13792 | D        | Killed an Orb Guardian
 13793 | D        | Reached skill level 5 in Throwing
 13809 | D        | Noticed an ancient lich
 13816 | D        | Killed an ancient lich
 13929 | D        | Noticed an electric golem
 13942 | D        | Killed an electric golem
 13997 | D        | Found the +4 dragonskin cloak
 13997 | D        | Noticed Tiamat
 14016 | D        | Killed Tiamat
 14119 | D        | Bought 2 potions of curing for 78 gold pieces
 14119 | D        | Bought a potion of mutation for 104 gold pieces
 14119 | D        | Bought a potion of flight for 39 gold pieces
 14119 | D        | Bought a potion of heal wounds for 65 gold pieces
 14119 | D        | Bought 2 potions of curing for 78 gold pieces
 14132 | D        | Bought the ring of Foolhardiness {rC+ Will+ rCorr Str+2
                  | Stlth-} for 711 gold pieces
 14195 | D        | Noticed an Ice Fiend
 14201 | D        | Killed an Ice Fiend
 14352 | D        | Noticed an Ice Fiend
 14355 | D        | Killed an Ice Fiend
 14356 | D        | Reached skill level 10 in Throwing
 14396 | D        | Identified the +3 quarterstaff of the Squeaky God {freeze,
                  | rPois SInv Stlth-}
 14404 | D        | Noticed an Ice Fiend
 14409 | D        | Killed an Ice Fiend
 14411 | D        | Got Sif Muna's Papyrus of Floating Peregrination
 14419 | D        | Noticed an Ice Fiend
 14426 | D        | Killed an Ice Fiend
 14538 | D        | Noticed an Ice Fiend
 14544 | D        | Killed an Ice Fiend
 14547 | D        | Identified the +6 war axe of Magnificence {spect, *Corrode
                  | rF++}
 14695 | D        | Noticed Antaeus
 14727 | D        | Killed from afar by Antaeus

Illustrated notes

Levels and vault maps discovered:
D:        dungeon_sprint_mu [sprint_mu_entry_cave, sprint_mu_temple_rooms,
          sprint_mu_d1_horrors, sprint_mu_d2_genie, sprint_mu_d3_branching,
          sprint_mu_orc_legion, sprint_mu_elf_gauntlet, sprint_mu_hive_nellie,
          sprint_mu_lair_fedhas, sprint_mu_vaults_butterflies,
          sprint_mu_slime_circle, sprint_mu_swamp_cave, sprint_mu_shoals_archi,
          sprint_mu_blade_basic, sprint_mu_crypt_fortress,
          sprint_mu_tomb_spiral, sprint_mu_vestibule_basic,
          sprint_mu_gehenna_hellfire, sprint_mu_dis_giant,
          sprint_mu_tartarus_statrot, sprint_mu_cocytus_islands, sprint_mu_zot1]

Skill      XL: |  1  2  3  4  5  6  7  8  9 10 11 12 13 14 15 16 17 18 |
---------------+-------------------------------------------------------+-----
Fighting       | 4 5 6 8 9 10 11 13 15 17 19 20 21 27 | 27.0
Polearms       | 4 6 7 9 10 11 12 13 15 16 18 20 23 27 | 27.0
Shields        | 5 6 7 9 10 12 13 14 15 17 19 22 26 27 | 27.0
Evocations     | 3 5 9 11 12 13 16 23 25 | 25.8
Armour         | 6 8 10 12 13 16 21 24 | 24.3
Dodging        | 4 6 8 10 11 15 20 22 | 22.3
Throwing       | 10 | 10.8

Action                     |  1- 3 |  4- 6 |  7- 9 | 10-12 | 13-15 | 16-18 || total
---------------------------+-------+-------+-------+-------+-------+-------++-------
  Melee: Trident           |    33 |    15 |   117 |       |       |       ||   165
         Glaive            |       |       |     6 |   301 |   109 |       ||   416
         Lochaber axe      |       |       |       |       |   260 |   436 ||   696
  Throw: Dart              |       |       |       |     1 |       |     2 ||     3
 Invoke: Potion Petition   |       |       |     2 |     3 |       |     4 ||     9
         Call Merchant     |       |       |     1 |     2 |     3 |     7 ||    13
  Evoke: Condenser vane    |       |       |     2 |     5 |     2 |     1 ||    10
         Wand              |       |       |       |       |       |     1 ||     1
    Use: Potion            |       |     2 |     2 |     3 |     2 |    21 ||    30
         Scroll            |       |       |       |       |     9 |    14 ||    23
   Stab: Confused          |       |       |     7 |       |       |       ||     7
         Invisible         |       |       |     1 |       |     1 |       ||     2
         Distracted        |       |       |       |     4 |     4 |     7 ||    15
 Armour: Scale mail        |    11 |     1 |    10 |   137 |     5 |       ||   164
         Chain mail        |       |       |       |       |    87 |    43 ||   130
         Plate armour      |       |       |       |       |       |    17 ||    17
  Dodge: Dodged            |     4 |     3 |    19 |   120 |    70 |    78 ||   294
  Block: Buckler           |     7 |       |    20 |   116 |       |       ||   143
         Tower shield      |       |       |       |     6 |   282 |   282 ||   570
         Reflection        |       |       |       |     2 |    37 |    18 ||    57

Table legend: (Time is in decaauts) A = Elapsed time spent in this place. B = Non-inter-level travel time spent in this place. C = Inter-level travel time spent in this place. D = Time resting spent in this place. E = Time spent auto-exploring this place. F = Levels seen in this place. G = Mean time per level. A B C D E F G +--------+--------+--------+--------+--------+-----+--------+ Total | 14524 | 13505 | 1019 | 8711 | 26 | 1 | 14524.0 | Dungeon | 14524 | 13505 | 1019 | 8711 | 26 | 1 | 14524.0 | +--------+--------+--------+--------+--------+-----+--------+

Top non-repeatable levels by time:
       D: 14524 daAuts
